 Dungeon Crawl Stone Soup version 0.24.0-123-gd5b16e6ec5 (webtiles) character file.

Game seed: 9649593193322717154, levelgen mode: deterministic

49093 McKennaii the Eclecticist (level 14, -6/104 HPs)
             Began as a Green Draconian Conjurer on Jan 19, 2020.
             Was an Elder of Sif Muna.
             Mangled by a tentacled starspawn (13 damage)
             ... on level 4 of the Abyss.
             The game lasted 01:20:22 (29813 turns).

McKennaii the Eclecticist (DrCj)                   Turns: 29813, Time: 01:20:22

Health: -6/104     AC: 15    Str: 10 (11) XL:     14   Next: 14%
Magic:  4/34       EV: 16    Int: 20      God:    Sif Muna [****..]
Gold:   1039       SH:  0    Dex: 12      Spells: 28/45 levels left

rFire    . . .     SeeInvis .   m - staff of conjuration
rCold    + . .     Gourm    .   (no shield)
rNeg     . . .     Faith    .   (armour unavailable)
rPois    +         Spirit   .   (helmet restricted)
rElec    .         Reflect  .   J - +0 cloak
rCorr    .         Harm     .   d - +2 pair of gloves
MR       ++...     Rnd*Rage +   k - +2 pair of boots {run}
Stlth    +++.......             (no amulet)
HPRegen  0.27/turn              u - ring of protection from cold
MPRegen  0.24/turn              E - ring of protection from magic

@: about to teleport, short of breath, quick
A: breathe noxious fumes, unfitting armour, stinger 1, berserk 1, deterioration
1, poison resistance, cold-blooded, AC +8
a: Breathe Noxious Fumes, Channel Magic, Forget Spell, Divine Exegesis, Renounce
Religion


You were on level 4 of the Abyss.
You worshipped Sif Muna.
Sif Muna was greatly pleased with you.
You were not hungry.

You visited 2 branches of the dungeon, and saw 18 of its levels.
You visited the Abyss 1 time.
You also visited: Sewer, Ossuary and Ice Cave.

You collected 1039 gold pieces.

Inventory:

Hand Weapons
 L - a +0 demon trident of electrocution
Armour
 d - a +2 pair of gloves (worn)
 k - a +2 pair of boots of running (worn)
 A - a +0 pair of boots
 J - a +0 cloak (worn)
Magical Staves
 m - an uncursed staff of conjuration (weapon)
Jewellery
 g - a +2 ring of protection
 o - an uncursed ring of see invisible
 u - a ring of protection from cold (left hand)
 x - an uncursed ring of fire
 E - a ring of protection from magic (right hand)
 F - an uncursed ring of protection from cold
 M - an uncursed ring of ice
 P - an uncursed ring of protection from magic
Wands
 c - a wand of enslavement (20)
 h - a wand of acid (27)
 y - a wand of clouds (5)
 C - a wand of digging (9)
 O - a wand of polymorph (19)
 Q - a wand of iceblast (6)
 R - a wand of flame (6)
Scrolls
 f - a scroll of identify
 i - 2 scrolls of blinking
 j - 3 scrolls of amnesia
 r - 3 scrolls of magic mapping
 s - a scroll of brand weapon
 t - 4 scrolls of fear
 v - 4 scrolls of teleportation
 w - 5 scrolls of fog
 z - 6 scrolls of enchant weapon
 B - 3 scrolls of immolation
 G - 7 scrolls of remove curse
Potions
 a - a potion of curing
 e - 3 potions of flight
 l - 5 potions of haste
 n - 3 potions of invisibility
 p - a potion of cancellation
 q - 2 potions of magic
 D - 5 potions of might
 I - 3 potions of agility
 N - a potion of ambrosia
Miscellaneous
 K - 2 sacks of spiders
Comestibles
 b - 22 rations


   Skills:
 + Level 4.2 Fighting
 - Level 3.4 Staves
 + Level 7.7 Dodging
 + Level 5.2 Stealth
 * Level 16.3 Spellcasting
 + Level 12.7 Conjurations
 + Level 2.7 Evocations


You had 28 spell levels left.
You knew the following spells:

 Your Spells              Type           Power        Failure   Level  Hunger
a - Magic Dart            Conj           ####         1%          1    None
b - Force Lance           Conj/Tloc      ######..     2%          4    None
c - Iskenderun's Mystic   Conj           #######.     1%          4    None
g - Aura of Abjuration    Summ           ###.......   71%         5    ###....
v - Ozocubu's Armour      Chrm/Ice       ###.....     11%         3    None

Your spell library contained the following spells:

 Spells                   Type           Power        Failure   Level  Hunger
 Searing Ray              Conj           ######       1%          2    None
 Dazzling Spray           Conj/Hex       ######       1%          3    None
 Fulminant Prism          Conj/Hex       ######....   2%          4    None
 Sticky Flame             Conj/Fire      ######..     2%          4    None
 Animate Skeleton         Necr           N/A          3%          1    None
 Apportation              Tloc           ###...       3%          1    None
 Confusing Touch          Hex            ###...       3%          1    None
 Infusion                 Chrm           ###.         3%          1    None
 Summon Butterflies       Summ           ###.....     3%          1    None
 Summon Small Mammal      Summ           ###.         3%          1    None
 Call Imp                 Summ           ###.....     5%          2    None
 Summon Guardian Golem    Hex/Summ       ###.....     11%         3    None
 Bolt of Magma            Conj/Fire/Erth #####.....   19%         5    ###....
 Cause Fear               Hex            ###.......   36%         4    None
 Summon Lightning Spire   Summ/Air       ###.....     36%         4    None
 Excruciating Wounds      Chrm/Necr      ###.......   71%         5    ###....
 Silence                  Hex/Air        ###.......   71%         5    ###....
 Yara's Violent Unravell  Hex/Tmut       ###.......   71%         5    ###....
 Deflect Missiles         Chrm/Air       ###.......   99%         6    #####..
 Monstrous Menagerie      Summ           ###.......   100%        7    ######.
 Summon Hydra             Summ           ###.......   100%        7    ######.
 Discord                  Hex            ###.......   100%        8    #######


Dungeon Overview and Level Annotations

Branches:
Dungeon (12/15)            Temple (0/1) D:4            Lair (6/6) D:9
  Swamp (0/4) Lair:2        Snake (0/4) Lair:4        Slime (0/5) Lair:5
    Orc (0/2) D:12          Sewer (visited)         Ossuary (visited)
  IceCv (visited)

Altars:
Dithmenos
Elyvilon
Fedhas
Makhleb
Nemelex Xobeh
Qazlal
Ru
Sif Muna
Uskayaw
Vehumet
Wu Jian
Xom
Yredelemnul
Zin
Jiyva

Shops:
D:4 :   D:7 =   D:8 }   D:9 (   D:10 %   D:11 [

Annotations:
D:9 2 transporters, barb4r1an's ghost, novice DEFE
D:12 Jorgrun
Lair:6 exclusion: oklob plant


Innate Abilities, Weirdness & Mutations

You can breathe blasts of noxious fumes.
Your lurid green scales are hard. (AC +8)
You cannot fit into any form of body armour.
Your tail ends in a poisonous barb.
Your system is resistant to poisons. (rPois)
You are cold-blooded and may be slowed by cold attacks.
You tend to lose your temper in combat.
Your body sometimes deteriorates upon taking damage.


Message History

You are engulfed in blazing flames.
* * * LOW HITPOINT WARNING * * *
A starspawn tentacle comes into view.
You feel better.
Tentacles burst from the starspawn's body! 2 starspawn tentacles come into view.
You feel better. The starspawn tentacle grabs you.
The starspawn tentacle constricts you.
The starspawn tentacle loses its grip on you.
The tentacle pulls you backwards!
You feel better.
The starspawn tentacle barely misses you.
You can't do that yet.
The tentacled starspawn completely misses you.
The tentacled starspawn engulfs you!!
* * * LOW HITPOINT WARNING * * *
You feel better. The tentacled starspawn bites you!
* * * LOW HITPOINT WARNING * * *
The tentacled starspawn engulfs you!
You die...

# # ###
. . ..
.. .#
#.# .. .
##.#
####
#.)#...#
##X.# #
#@##.# #
### . .
. # . #
§ . § §
.


You could see a tentacled starspawn.

Vanquished Creatures
  Kirke (Lair:6)
  A red draconian (Abyss:4)
  7 hydras
  Fannar (D:11)
  A catoblepas (Lair:3)
  2 two-headed ogres
  Urug (D:10)
  A flayed ghost (Abyss:4)
  2 ugly things (IceCv)
  A cyclops (D:11)
  A smoke demon (Abyss:3)
  5 centaur zombies
  5 black mambas
  3 elephants (Lair:6)
  A torpor snail (Lair:6)
  8 spiny frogs
  2 ice statues (IceCv)
  2 large abominations (Abyss:4)
  4 rime drakes
  8 komodo dragons
  A centaur skeleton (D:10)
  2 kobold demonologists (D:12)
  A troll (D:8)
  6 polar bears
  2 bog bodies (Lair:2)
  18 blink frogs
  A flying skull (Abyss:3)
  8 dream sheep
  6 hippogriffs
  A spriggan (D:7)
  6 hogs (Lair:6)
  A vampire (D:11)
  2 wyverns
  A human (D:9)
  8 basilisks
  30 yaks
  A hungry ghost (D:11)
  A steam dragon (D:11)
  2 nagas (Lair:4)
  A swamp worm (Lair:2)
  17 water moccasins
  A hell hound (Lair:6)
  8 porcupines
  Purgy (D:3)
  8 ice beasts
  5 orc warriors
  2 sky beasts
  8 black bears
  4 phantoms
  5 necrophages
  4 ogres
  6 wolves (Lair:2)
  2 centaurs
  8 crocodiles
  A big kobold (D:8)
  11 bullfrogs
  3 scorpions
  4 wights
  A howler monkey (D:4)
  4 electric eels
  4 bullfrog zombies (D:8)
  3 crimson imps
  A jelly (D:8)
  A quasit (D:6)
  3 hounds
  9 orc priests
  6 orc wizards
  7 bullfrog skeletons
  3 iguanas
  A worker ant (D:4)
  4 big kobold zombies (Ossuary)
  A hound zombie (D:8)
  4 mummies
  4 worker ant zombies
  A howler monkey skeleton (D:5)
  14 adders
  12 gnolls
  2 river rats (D:3)
  A shadow imp (D:11)
  An ooze (D:4)
  6 adder zombies
  4 worms
  2 dart slugs (D:1)
  2 leopard geckos
  47 orcs
  2 ball pythons (Sewer)
  3 gnoll zombies (Ossuary)
  7 goblins
  5 hobgoblins
  5 jackals (D:1)
  A quokka (D:2)
  4 bats
  6 frilled lizards
  7 hobgoblin zombies (Ossuary)
  A jackal zombie (D:8)
  18 kobolds
  6 kobold zombies
  3 orc zombies
  6 rats
  A plant (Lair:6)
477 creatures vanquished.

Vanquished Creatures (others)
  An orc (D:12)
  6 fungi
  9 plants
  4 starspawn tentacles (Abyss:4)
20 creatures vanquished.

Grand Total: 497 creatures vanquished

Notes
Turn   | Place    | Note
-------+----------+-------------------------------------------
     0 | D:1      | McKennaii the Draconian Conjurer began the quest for the
                  | Orb.
     0 | D:1      | Reached XP level 1. HP: 14/14 MP: 3/3
   132 | D:1      | Reached XP level 2. HP: 18/20 MP: 0/5
   803 | D:1      | Reached XP level 3. HP: 23/26 MP: 2/6
  1272 | D:2      | Found a stormy altar of Qazlal.
  1273 | D:2      | Found a shimmering blue altar of Sif Muna.
  1273 | D:2      | Found a white marble altar of Elyvilon.
  1274 | D:2      | Found a shimmering altar of Xom.
  1284 | D:2      | Became a worshipper of Sif Muna the Loreminder
  1531 | D:2      | Reached XP level 4. HP: 31/33 MP: 2/8
  1601 | D:2      | Reached skill level 3 in Spellcasting
  1612 | D:2      | Reached skill level 5 in Conjurations
  1718 | D:2      | Found a blossoming altar of Fedhas.
  1819 | D:2      | Found a shadowy altar of Dithmenos.
  1840 | D:2      | Found a hide-covered altar of Uskayaw.
  2621 | D:3      | Learned a level 4 spell: Force Lance
  2626 | D:3      | Learned a level 4 spell: Iskenderun's Mystic Blast
  2788 | D:3      | Found a glowing drain.
  2793 | D:3      | Reached XP level 5. HP: 33/38 MP: 2/10
  2806 | D:3      | Reached * piety under Sif Muna
  2886 | Sewer    | Entered a sewer
  3075 | Sewer    | Noticed a crocodile
  3081 | Sewer    | Killed a crocodile
  3081 | Sewer    | Reached skill level 4 in Spellcasting
  3304 | D:3      | Found a faded altar of an unknown god.
  3306 | D:3      | Reached XP level 6. HP: 45/45 MP: 9/12
  3328 | D:3      | Noticed Purgy
  3333 | D:3      | Killed Purgy
  3766 | D:3      | Found a glowing silver altar of Zin.
  3766 | D:3      | Found a burning altar of Makhleb.
  3768 | D:3      | Noticed a cacodemon
  3768 | D:3      | Noticed an angel
  4428 | D:4      | Found Abaaniev's Book Shop.
  4538 | D:4      | Your scales start taking on a lurid green colour.
  4538 | D:4      | Reached XP level 7. HP: 33/50 MP: 0/14
  4538 | D:4      | Gained mutation: Your system is resistant to poisons.
                  | (rPois) [Green Draconian growth]
  4694 | D:4      | Reached skill level 5 in Spellcasting
  4814 | D:4      | Found a sparkling altar of Nemelex Xobeh.
  4985 | D:4      | Found a staircase to the Ecumenical Temple.
  5336 | D:5      | Entered Level 5 of the Dungeon
  5544 | D:5      | Reached ** piety under Sif Muna
  5544 | D:5      | Reached skill level 6 in Spellcasting
  5544 | D:5      | Reached XP level 8. HP: 58/58 MP: 1/17
  6281 | D:5      | Found a radiant altar of Vehumet.
  6428 | D:6      | Reached skill level 1 in Fighting
  6632 | D:6      | Reached skill level 7 in Spellcasting
  7337 | D:6      | Reached skill level 1 in Staves
  7710 | D:7      | Found Waghunuj's Jewellery Emporium.
  7711 | D:7      | Noticed a hippogriff
  7715 | D:7      | Killed a hippogriff
  7715 | D:7      | Reached skill level 8 in Spellcasting
  7715 | D:7      | Reached XP level 9. HP: 64/64 MP: 11/21
  8442 | D:8      | Reached *** piety under Sif Muna
  8774 | D:8      | Found a sand-covered staircase.
  8925 | Ossuary  | Entered an ossuary
  9170 | Ossuary  | Reached skill level 9 in Spellcasting
  9442 | Ossuary  | Reached **** piety under Sif Muna
 10239 | D:8      | Found Yggett's Gadget Shop.
 11019 | D:9      | Noticed an ogre mage
 11019 | D:9      | Noticed a troll
 11027 | D:8      | Killed a troll
 11027 | D:8      | Reached XP level 10. HP: 64/72 MP: 6/23
 11118 | D:9      | Found a transporter.
 11138 | D:9      | Noticed barb4r1an's ghost (novice DEFE)
 11139 | D:9      | Found an ornate altar of the Wu Jian Council.
 11173 | D:9      | Reached skill level 10 in Spellcasting
 11619 | D:9      | Found a transporter.
 11771 | D:9      | Found a staircase to the Lair.
 12037 | D:9      | Found a sacrificial altar of Ru.
 12192 | D:9      | Found Ypu Qiac's Antique Weapon Boutique.
 12379 | D:9      | Found a runed translucent door.
 12445 | D:9      | Found a basalt altar of Yredelemnul.
 12567 | D:10     | Entered Level 10 of the Dungeon
 12693 | D:10     | Noticed a two-headed ogre
 12696 | D:10     | Killed a two-headed ogre
 12696 | D:10     | Reached skill level 5 in Dodging
 12696 | D:10     | Reached skill level 11 in Spellcasting
 12778 | D:10     | Noticed Urug
 12790 | D:10     | Killed Urug
 13248 | D:10     | Noticed a five-headed hydra
 13255 | D:10     | Killed a five-headed hydra
 13255 | D:10     | Reached XP level 11. HP: 79/79 MP: 5/26
 13653 | D:10     | Found Jess's Food Shop.
 14337 | D:11     | Reached skill level 12 in Spellcasting
 14661 | D:11     | Found Basoe's Armour Boutique.
 14690 | D:11     | Noticed Fannar
 14724 | D:11     | Killed Fannar
 14724 | D:11     | Reached skill level 10 in Conjurations
 14863 | D:11     | Noticed a two-headed ogre
 14869 | D:11     | Killed a two-headed ogre
 16699 | D:12     | Reached skill level 13 in Spellcasting
 16854 | D:12     | Reached skill level 1 in Evocations
 16856 | D:12     | Noticed Jorgrun
 16860 | D:12     | Found a staircase to the Orcish Mines.
 17116 | Lair:1   | Entered Level 1 of the Lair of Beasts
 17568 | Lair:1   | Reached XP level 12. HP: 53/85 MP: 2/29
 17866 | Lair:1   | Reached ***** piety under Sif Muna
 19210 | Lair:2   | Identified Jots's Handbook of Calling (Sif Muna gifted it
                  | to you on level 2 of the Lair of Beasts)
 19210 | Lair:2   | Received a gift from Sif Muna
 19218 | Lair:2   | Learned a level 5 spell: Aura of Abjuration
 19348 | Lair:2   | Noticed a six-headed hydra
 19749 | Lair:2   | Noticed an eight-headed hydra
 19756 | Lair:2   | Killed an eight-headed hydra
 19756 | Lair:2   | Reached skill level 14 in Spellcasting
 20103 | Lair:2   | Identified the Catalogue of Good Luck and the Entourage
 20318 | Lair:2   | Killed a six-headed hydra
 20586 | Lair:2   | Found a staircase to the Swamp.
 20639 | Lair:3   | You fall into a shaft and drop 1 floor!
 20691 | Lair:3   | Noticed a catoblepas
 20961 | Lair:3   | Killed a catoblepas
 21536 | Lair:3   | You fall into a shaft and drop 2 floors!
 21857 | Lair:3   | Got a pitted flail
 21858 | Lair:3   | Identified the cursed +0 flail of Kismet {elec, +Inv rElec
                  | rN+ Dex-3} (You found it on level 3 of the Lair of Beasts)
 22257 | Lair:4   | Found a staircase to the Snake Pit.
 22774 | Lair:4   | Reached XP level 13. HP: 94/94 MP: 2/31
 24148 | Lair:5   | Reached skill level 15 in Spellcasting
 24381 | Lair:5   | Found a viscous altar of Jiyva.
 24382 | Lair:5   | Found a staircase to the Slime Pits.
 25330 | Lair:5   | Learned a level 3 spell: Ozocubu's Armour
 25402 | Lair:6   | Entered Level 6 of the Lair of Beasts
 25685 | Lair:6   | Identified Sif Muna's Collected Works on Ignition (Sif Muna
                  | gifted it to you on level 6 of the Lair of Beasts)
 25685 | Lair:6   | Received a gift from Sif Muna
 25692 | Lair:6   | Found a frozen archway.
 25718 | Lair:6   | Reached skill level 5 in Stealth
 25802 | IceCv    | Entered an ice cave
 25992 | IceCv    | Found a transporter.
 26052 | IceCv    | Found a transporter.
 27819 | Lair:6   | Noticed Kirke
 27822 | Lair:6   | Noticed a sphinx
 28316 | Lair:6   | Killed Kirke
 28316 | Lair:6   | Reached skill level 16 in Spellcasting
 28578 | Lair:6   | Gained mutation: Your tail ends in a poisonous barb. [Green
                  | Draconian growth]
 28578 | Lair:6   | Reached XP level 14. HP: 68/104 MP: 1/34
 29410 | Lair:6   | Cast into level 2 of the Abyss (a wizard)
 29459 | Abyss:2  | Noticed a starcursed mass
 29507 | Abyss:3  | Found a corrupted altar of Lugonu.
 29542 | Abyss:3  | Gained mutation: Your body sometimes deteriorates upon
                  | taking damage. [a neqoxec]
 29545 | Abyss:3  | Gained mutation: You tend to lose your temper in combat. [a
                  | neqoxec]
 29598 | Abyss:4  | Identified a +0 pair of boots of running (You found it on
                  | level 4 of the Abyss)
 29625 | Abyss:4  | Noticed a tentacled starspawn
 29803 | Abyss:4  | Noticed a tentacled starspawn
 29813 | Abyss:4  | Mangled by a tentacled starspawn

Levels and vault maps discovered:
D:1:      minmay_arrival_radiant_lines, layout_basic, minmay_misc_feat_ornament,
          serial_bayou_pond_c
D:2:      layout_loops_cross, lemuel_coloured_pillars_altar,
          chequers_temple_overflow_statue_of_worship,
          eat_drink_and_be_merry_uskayaw, grunt_ministairs_12, fedhas_altar_2
D:3:      layout_loops_corners, grunt_temple_overflow_order_and_chaos_2,
          portal_sewer_entry_b, chequers_ecumenical_altar_island, uniq_purgy
D:4:      layout_loops_ring, nemelex_xobeh_ov_fountains_minmay,
          minmay_temple_entry_tees, serial_shops, shop
D:5:      layout_rooms, marbit_many_paths, first_ration, minmay_small_thing
D:6:      layout_loops_ring
D:7:      layout_basic, minmay_shop_enchanted_jewellery, the_bakery
D:8:      layout_gridville, enter_ossuary_3, serial_undead, serial_undead_d,
          serial_undead_f, serial_undead_d, serial_undead_d, serial_undead_f,
          serial_undead_a, serial_undead_d, serial_shops, kennysheep_mini
D:9:      layout_rooms, lemuel_round_altar, nicolae_overflow_hidden_temple,
          minmay_lair_entry_grove, gammafunk_ghost_arena, serial_shops, shop,
          kennysheep_donut, dk_yredelemnul_ordeal
D:10:     layout_long_grid, serial_shops, shop, uniq_urug
D:11:     layout_loops_ring, serial_shops, kennysheep_mini_moat,
          minmay_misc_feat_rugged, uniq_fannar
D:12:     layout_cave_pools, david_orc_2, uniq_jorgrun
Lair:1:   layout_long_grid, lemuel_fruit_tree
Lair:2:   layout_loops_ring, nicolae_swamp_entry_splash_gauntlet,
          cheibrodos_lair_reptile_den, grunt_megastairs_4
Lair:3:   beast_lair_carwin_large_1, layout_regular_city, grunt_megastairs_1
Lair:4:   layout_hall_layers, guppyfry_snake_entry_island, grunt_megastairs_3
Lair:5:   layout_regular_city, slime_altar_1, chequers_serial_rivers_marsh,
          serial_bayou_shore_b
Lair:6:   evil_forest, layout_gridlike, portal_ice_cave_entry_pillars_2,
          chequers_serial_rivers_small_b, grunt_megastairs_5, uniq_kirke
Abyss:4:  base: Lair:6, hangedman_decor_riveting, nicolae_abyss_rune_star_stuff,
          minivault_26, evilmike_abyss_exit_16, nicolae_abyss_rune_star_stuff

Skill      XL: |  1  2  3  4  5  6  7  8  9 10 11 12 13 |
---------------+----------------------------------------+-----
Stealth        | 2 3 4 5 |  5.2
Spellcasting   | 3 4 6 8 9 11 13 14 16 | 16.3
Dodging        | 2 3 4 5 6 7 |  7.7
Conjurations   | 5 6 7 8 9 10 11 12 | 12.7
Fighting       | 1 2 3 4 |  4.2
Staves         | 1 2 3 |  3.4
Evocations     | 1 2 |  2.7

Action                   |  1- 3 |  4- 6 |  7- 9 | 10-12 | 13-15 || total
-------------------------+-------+-------+-------+-------+-------++-------
Melee: Unarmed           |    27 |     1 |    32 |       |       ||    60
       Tailslap          |       |     2 |    10 |    11 |    11 ||    34
       Staff             |       |     6 |    72 |    67 |    71 ||   216
       Demon trident     |       |       |       |       |     3 ||     3
 Cast: Magic Dart        |    56 |   159 |   305 |   162 |   140 ||   822
       Iskenderun's Myst |       |     4 |    94 |   332 |   212 ||   642
       Ozocubu's Armour  |       |       |       |       |     1 ||     1
 Abil: Breathe Noxious F |       |       |    16 |    34 |    25 ||    75
Evoke: Wand              |       |     5 |     2 |     8 |    24 ||    39
       Sack of spiders   |       |       |       |       |     1 ||     1
  Use: Scroll            |       |     6 |     1 |    21 |    10 ||    38
       Potion            |       |     2 |       |       |     9 ||    11
 Stab: Confused          |       |       |     3 |     3 |     5 ||    11
  Eat: Chunk             |     2 |    10 |    16 |    25 |    21 ||    74
       Ration            |       |       |     5 |     7 |     2 ||    14
Armor: Skin              |    13 |    11 |    70 |    76 |    78 ||   248
Dodge: Dodged            |    24 |    44 |   144 |   173 |   172 ||   557
